Elrond, chaotic male elven Priest ---- |..| -- -- --..----- -.-- .----- ----.......---...--- -...|... ----- |..............` .| -.......- |...----..................--.......-- - - |...................--- ............-- ..| ---.................| .............- -- --...>.............-- ............G....| |.............---...---.............--- |............-- |.@...G.............- --.---.[....-- --.)))%G...h..-- ----- --.....| |......-- | .-- --.-------..--- --....%- -- |...........| |.......- ----...---^.-------..--...----- | |<...............!...........| ----------------------...----- ---- Elrond the Acolyte Experience level: 5 Strength: 14 Dexterity: 13 Constitution: 13 Intelligence: 7 Wisdom: 20 Charisma: 11 Health: 0(38) Energy: 48(48) Def: 7 Gold: 109 Moves: 2198 Dungeon seed: s8tKiqJ-qjBvlZYX Game ID: Elrond_1476559543 Your Inventory: Coins $ - 109 gold pieces Weapons a - a blessed +1 mace J - a +0 bow K - 10 +0 elven arrows M - 10 +0 arrows O - a +0 bow (weapon in hand) P - a +0 elven dagger Armor e - a +0 robe (being worn) n - a burnt +0 small shield (being worn) y - a +0 orcish helm (being worn) z - a +0 leather armor (being worn) N - a +0 pair of iron shoes (being worn) Comestibles d - 2 sprigs of wolfsbane H - a tripe ration Scrolls j - a cursed scroll of remove curse Spellbooks f - a spellbook of clairvoyance g - a spellbook of healing I - a spellbook of slow monster Potions b - 3 potions of holy water i - a potion of paralysis k - a potion of monster detection Tools h - a bugle m - an oil lamp (0:1273) Q - an oilskin sack Gems q - a worthless piece of yellow glass r - a worthless piece of green glass L - 2 worthless pieces of blue glass Y - a worthless piece of orange glass Contents of the oilskin sack: 2 worthless pieces of yellow glass Spells and supernatural/magical abilities: Name Level Category Fail Memory h - healing 1 healing 0% 90% v - clairvoyance 3 divination 71% 90% W - pray for help -- divine ? -- X - turn undead -- divine ? -- Your skills at the end: Fighting Skills wands [Basic] Weapon Skills mace [Basic] Spellcasting Skills clerical spells [Basic] Final Attributes: You were piously aligned. You were sleep resistant. You saw invisible. You had infravision. You were lucky. You are dead. Vanquished creatures: a large mimic a small mimic a shrieker 2 gnome lords a little dog a dwarf an acid blob a hobbit a hobgoblin 2 giant rats 2 gnomes 2 garter snakes 3 geckos 6 jackals 2 goblins 4 grid bugs 2 bats 3 lichens a kobold zombie 4 newts 41 creatures vanquished. Voluntary challenges: You were an atheist. You used a wielded weapon 57 times, starting on turn 43. You read items or engraved 14 times, starting on turn 42. You never genocided any monsters. You never polymorphed an object. You never changed form. You used no wishes. You never split a pudding. You wrote Elbereth's name 10 times, starting on turn 42. You never violated your personal moral code. Dungeon overview: The Dungeons of Doom: levels 1 to 5 Level 1 a sink a long staircase Level 2 a general store, an altar to Susanowo Level 3 a general store, a fountain Level 4 a weapon shop, a fountain stairs to The Gnomish Mines Level 5 The Gnomish Mines: levels 5 to 6 Level 5 <- You were here stairs to The Dungeons of Doom Level 6 History has recorded: On T:1 you entered the Dungeons of Doom to retrieve the Amulet of Yendor! On T:106 you reached level 2 of The Dungeons of Doom. On T:1089 you reached level 3 of The Dungeons of Doom. On T:1263 you advanced to experience level 2. On T:1435 you advanced to experience level 3. On T:1474 you reached level 4 of The Dungeons of Doom. On T:1688 you reached level 5 of The Dungeons of Doom. On T:1802 you advanced to experience level 4. On T:2053 you advanced to experience level 5. On T:2127 you reached level 1 of The Gnomish Mines. On T:2154 you reached level 2 of The Gnomish Mines. Score breakdown: Gold: 109 ( 6944 points) Experience: 5 levels (11141 points) Exploration: 6 levels ( 13.04%) (10000 points) Discoveries: 5 items ( 1.72%) ( 3939 points) Valuables value: (no points given unless you survive) Artifact value: 0 ( 0 points) Variety of kills: 20 monsters ( 5.22%) ( 6855 points) Turncount: 2198 turns ( -140 points) Survival: died (score multiplied by 80%) Total score: 30991 Latest messages: Annie drops 2 arrows. There are a few objects here. You have a little trouble lifting P - an elven dagger. You have a little trouble lifting Q - a bag. Your movements are slowed slightly because of your load. That is a silly thing to equip. You are now wielding your bow. You are now wielding your bow. Annie picks up a crossbow. The gnomish wizard casts a spell! Annie is caught in the fireball! Annie is killed! You are caught in the fireball! Your wooden shield smoulders! Your scroll of identify catches fire and burns! Your scroll labeled ZELGO MER catches fire and burns! One of your potions of holy water boils and explodes! Your movements are now unencumbered. Final status: Goodbye Elrond the Priest, burned by a fireball... You burned in The Gnomish Mines on dungeon level 5 with 30991 points, and 109 pieces of gold, after 2198 moves. You were level 5 with a maximum of 38 hit points when you burned.